 Dungeon Crawl Stone Soup version 0.18.1-50-g88ac8fd (webtiles) character file.

35 WhiskeyPanda the Ruffian (level 3, -1/31 HPs)
             Began as a Ghoul Monk on Sept 23, 2016.
             Slain by a gnoll
             ... wielding a +0 whip
              (3 damage)
             ... on level 2 of the Dungeon.
             The game lasted 00:04:18 (893 turns).

WhiskeyPanda the Ruffian (Ghoul Monk)                Turns: 893, Time: 00:04:18

Health: -1/31      AC:  8    Str: 15    XL:     3   Next: 33%
Magic:  2/2        EV:  7    Int:  5    God:
Gold:   71         SH:  0    Dex: 11    Spells: 0 memorised, 2 levels left

rFire  . . .     SeeInvis .     i - +0 spear
rCold  + . .     Gourm    .     e - +0 chain mail
rNeg   + + +     Faith    .     (no shield)
rPois  ∞         Spirit   .     (no helmet)
rElec  .         Dismiss  .     (no cloak)
rCorr  .         Reflect  .     (no gloves)
SustAt .         Harm     .     (no boots)
MR     .....                    (no amulet)
Stlth  ..........               (no ring)
                                (no ring)

@: very slightly contaminated, rotting, hasted, very quick, not resistant to
hostile enchantments, extremely unstealthy
A: rotting body, claws 1, carnivore 3, cold resistance 1, negative energy
resistance 3, slow regeneration 1, torment resistance, unbreathing
a: no special abilities


You were on level 2 of the Dungeon.
You were not hungry.

You visited 1 branch of the dungeon, and saw 2 of its levels.

You collected 71 gold pieces.

Inventory:

Hand Weapons
 i - a +0 spear (weapon)
Armour
 a - a +0 robe
 e - a +0 chain mail (worn)
Scrolls
 f - a scroll of enchant armour {unknown}
 j - a scroll of identify {unknown}
Potions
 c - a potion of heal wounds {unknown}
 d - a potion of curing {unknown}
 g - a potion of brilliance {unknown}
 h - a potion of lignification {unknown}
 l - a potion of cancellation {unknown}
Comestibles
 k - a slice of pizza


   Skills:
 + Level 3.6 Fighting
 + Level 3.1 Dodging
 + Level 2.3 Stealth
 + Level 4.9 Unarmed Combat


You had 2 spell levels left.
You didn't know any spells.

Dungeon Overview and Level Annotations

Branches:
Dungeon (2/15)

Altars:


Innate Abilities, Weirdness & Mutations

Your body is rotting away.
You thrive on raw meat.
You are immune to poison.
You have sharp fingernails.
You are carnivorous and can eat meat at any time.
Your flesh is cold resistant.
You are immune to negative energy.
You regenerate slowly when monsters are visible.
You are immune to unholy pain and torment.
You can survive without breathing.


Message History

The gnoll closely misses you. The gnoll hits you but does no damage.
The gnoll barely misses you.
You completely miss the gnoll.
The gnoll is heavily wounded.
The gnoll barely misses you. The gnoll hits you with a whip.
The gnoll hits you but does no damage.
You hit the gnoll.
The gnoll is severely wounded.
The gnoll completely misses you. The gnoll hits you but does no damage.
Drink which item? (? for menu, Esc to quit)
It was a potion of haste.
You feel yourself speed up. The gnoll hits you with a whip!
* * * LOW HITPOINT WARNING * * *
The gnoll hits you but does no damage.
The gnoll hits you with an enchanted flail.
* * * LOW HITPOINT WARNING * * *
The gnoll hits you but does no damage.
You are very lightly contaminated with residual magic.
The gnoll hits you with a whip.
You die...

#...# #...........#
#...# #...........#
#...# #...........#
#...# #...........#
#...# #...........#
#...# #...........#
#####...####...........#
.........gg............#
..####>.@.g............+
#.####g...........# #.
#............# #.
#.############ #. #.# ..
... .. .... .. .....


You could see 4 gnolls.

Vanquished Creatures
  2 oozes (D:1)
  A worm (D:2)
  A dart slug (D:1)
  2 giant cockroaches (D:1)
  2 goblins (D:1)
  4 hobgoblins (D:1)
  4 kobolds (D:1)
  A quokka (D:2)
  2 bats (D:1)
  A rat (D:1)
20 creatures vanquished.

Notes
Turn   | Place    | Note
--------------------------------------------------------------
     0 | D:1      | WhiskeyPanda the Ghoul Monk began the quest for the Orb.
     0 | D:1      | Reached XP level 1. HP: 19/19 MP: 0/0
   177 | D:1      | Reached XP level 2. HP: 22/26 MP: 1/1
   636 | D:1      | Reached XP level 3. HP: 28/31 MP: 2/2
   893 | D:2      | Slain by a gnoll

Skill      XL: |  1  2 |
---------------+-------+-----
Dodging        | 3 |  3.1
Fighting       | |  3.6
Stealth        | |  2.3
Unarmed Combat | |  4.9

Action                   || total
-------------------------++-------
Melee: Unarmed           ||    58
       Punch             ||     3
       Spear             ||    41
  Use: Potion            ||     1
  Eat: Chunk             ||    11
       Meat ration       ||     1
Armor: Chain mail        ||    58
Dodge: Dodged            ||    35
